 Dungeon Crawl Stone Soup version 0.29.1-15-g9cfb28693d (webtiles) character file.

Game seed: 12390426477859059323

180 DemonSlayer the Digger (level 5, -3/35 HPs)
             Began as a Demonspawn Earth Elementalist on Apr 25, 2023.
             Was an Initiate of Dithmenos.
             Slain by a hornet (7 damage)
             ... while paralysed by a hornet
             ... on level 4 of the Dungeon.
             The game lasted 00:08:07 (4216 turns).

DemonSlayer the Digger (DsEE)                       Turns: 4216, Time: 00:08:08

Health: -3/35      AC:  6    Str:  5 (8)  XL:     5   Next: 33%
Magic:  0/10       EV:  2    Int: 15 (17) God:    Dithmenos [......]
Gold:   190        SH:  0    Dex: 13 (15) Spells: 10/11 levels left

rFire   + . .      SeeInvis .   e - +0 rapier
rCold   . . .      Faith    .   (no shield)
rNeg    . . .      Spirit   +   m - +1 leather armour {rF+}
rPois   .          Reflect  .   g - +1 hat
rElec   .          Harm     .   (no cloak)
rCorr   .          Rampage  .   (no gloves)
Will    .....                   c - +0 pair of boots
Stlth   ++........              s - amulet of guardian spirit
HPRegen 0.11/turn               (no ring)
MPRegen 0.12/turn               (no ring)

@: paralysed, hasted
A: large bone plates 2, foul stench 1
a: Renounce Religion


You were on level 4 of the Dungeon.
You worshipped Dithmenos.
Dithmenos was noncommittal.
You visited 1 branch of the dungeon, and saw 4 of its levels.

You collected 190 gold pieces.

Inventory:

Hand Weapons
 e - a +0 rapier (weapon)
 r - a +2 dagger of protection
Armour
 c - a +0 pair of boots (worn)
 g - a +1 hat (worn)
 m - a +1 leather armour of fire resistance (worn)
Jewellery
 s - an amulet of guardian spirit (around neck)
Wands
 a - a wand of flame (11)
 w - a wand of charming (2)
Scrolls
 d - 2 scrolls of identify {unknown}
 f - 2 scrolls of amnesia
 h - a scroll of magic mapping
 o - 2 scrolls of enchant armour {unknown}
 p - a scroll of summoning {unknown}
 q - a scroll of brand weapon {unknown}
 t - a scroll of fear {unknown}
Potions
 b - a potion of resistance {unknown}
 i - 2 potions of degeneration
 j - a potion of attraction {unknown}
 u - a potion of might {unknown}
 v - a potion of flight {unknown}


   Skills:
 + Level 0.2 Fighting
 + Level 0.8 Short Blades
 + Level 0.9 Armour
 + Level 1.9 Dodging
 + Level 2.7 Stealth
 + Level 3.5 Spellcasting
 + Level 0.8 Transmutations
 + Level 3.6 Earth Magic


You had 10 spell levels left.
You knew the following spells:

 Your Spells              Type           Power      Damage    Failure   Level
a - Sandblast             Erth           26%        2d8       7%          1

Your spell library contained the following spells:

 Spells                   Type           Power      Damage    Failure   Level
 Passwall                 Tmut/Erth      7%         N/A       19%         2
 Stone Arrow              Conj/Erth      16%        3d8       41%         3
 Blink                    Tloc           4%         N/A       43%         2
 Petrify                  Tmut/Erth      9%         N/A       77%         4
 Borgnjor's Vile Clutch   Necr/Erth      4%         N/A       99%         5
 Alistair's Intoxication  Tmut/Pois      2%         N/A       100%        5
 Manifold Assault         Tloc           2%         N/A       100%        5
 Eringya's Noxious Bog    Tmut/Pois      1%         N/A       100%        6
 Storm Form               Tmut/Air       1%         N/A       100%        7


Dungeon Overview and Level Annotations

Branches:
Dungeon (4/15)
 Temple: D:4-7

Altars:
Dithmenos
Yredelemnul

Shops:
D:3 (

Annotations:
D:2 1 runed translucent door, Crazy Yiuf, Terence


Innate Abilities, Weirdness & Mutations

You are mostly covered in large bone plates. (SH +6)
You may rarely emit foul miasma when damaged in melee.


Message History

You feel yourself speed up. The hornet stings you.
You feel yourself slow down. The hornet barely misses you.
You block the hornet's attack.
It was a potion of haste.
You feel yourself speed up.
You feel yourself speed up.
The hornet stings you but does no damage.
The hornet barely misses you.
It was a potion of heal wounds.
You feel much better. The hornet stings you!
You feel yourself slow down.
You hit the hornet.
The hornet is heavily wounded.
You feel yourself speed up. The hornet stings you!
You feel yourself slow down. The hornet closely misses you.
You closely miss the hornet.
The hornet is heavily wounded.
The hornet stings you.
You are poisoned.
You feel as though you will be slow longer.
You feel better. The hornet stings you!
You feel as though you will be slow longer.
The hornet stings you!
* * * LOW HITPOINT WARNING * * *
You are lethally poisoned!
You suddenly lose the ability to move!
You can move again.
You feel better. You block the hornet's attack.
You feel as though your hastened speed will last longer.
You feel yourself speed up.
The hornet stings you but does no damage.
The hornet stings you.
You feel yourself slow down.
You feel yourself speed up.
There is a shadowy altar of Dithmenos here.
You kneel at the altar of Dithmenos.
Dithmenos welcomes you! The hornet stings you!
* * * LOW HITPOINT WARNING * * *
You suddenly lose the ability to move!
The hornet stings you!
You die...

#.# #>###.# #.#
#.# #.....# #.#
#.## #.########.#
#..##
###.####......
#...#
#.....##.#####
#.#§###.###.##.#
##§§§#.. #.##.#
###§#§#§#.###.##.#
..§§@§§§.§...##.#
#§#y#§###.####.#
##§§§## #.####.#
##§#§# #......#
#§..# #####..#####
###.# #.......
#... ##.#####
###.# ###.### .#
#.....#


You could see a hornet.

Vanquished Creatures
  An orc wizard (D:3)
  Ijyb (D:4)
  4 adders
  2 worms
  4 orcs (D:3)
  4 ball pythons
  8 bats
  11 endoplasms
  2 giant cockroaches
  5 goblins
  4 hobgoblins
  4 jackals (D:4)
  10 quokkas
  4 frilled lizards
  6 kobolds
  12 rats
82 creatures vanquished.

Notes
Turn   | Place    | Note
-------+----------+-------------------------------------------
     0 | D:1      | DemonSlayer the Demonspawn Earth Elementalist began the
                  | quest for the Orb.
     0 | D:1      | Reached XP level 1. HP: 13/13 MP: 3/3
   296 | D:1      | Gained mutation: You may rarely emit foul miasma when
                  | damaged in melee. [demonic ancestry]
   296 | D:1      | Reached XP level 2. HP: 19/19 MP: 1/5
   982 | D:2      | Gained mutation: You are partially covered in large bone
                  | plates. (SH +4) [demonic ancestry]
   982 | D:2      | Reached XP level 3. HP: 23/24 MP: 6/6
  1123 | D:2      | Noticed Terence
  1295 | D:2      | Found a basalt altar of Yredelemnul.
  1873 | D:2      | Gained mutation: You are mostly covered in large bone
                  | plates. (SH +6) [demonic ancestry]
  1873 | D:2      | Reached XP level 4. HP: 30/30 MP: 6/8
  2039 | D:2      | Found a runed translucent door.
  2040 | D:2      | Noticed Crazy Yiuf
  3025 | D:3      | Found Conot's Weapon Shop.
  3031 | D:3      | Reached XP level 5. HP: 35/35 MP: 5/9
  3152 | D:3      | Found a faded altar of an unknown god.
  3793 | D:4      | Noticed Ijyb
  3800 | D:4      | Killed Ijyb
  4095 | D:4      | Found a shadowy altar of Dithmenos.
  4192 | D:4      | Noticed a hornet
  4200 | D:4      | Paralysed by a hornet for 1 turns
  4208 | D:4      | Paralysed by a hornet for 1 turns
  4215 | D:4      | Became a worshipper of Dithmenos the Shadowed
  4215 | D:4      | Paralysed by a hornet for 1 turns
  4216 | D:4      | Slain by a hornet

Illustrated notes

Levels and vault maps discovered:
D:1:      dpeg_arrival_simpleton_b, layout_rooms
D:2:      kennysheep_six_static_rooms, layout_loops_corners, basic_altar,
          bh_walls_and_bars, uniq_crazy_yiuf_cottage, uniq_terence
D:3:      layout_loops_corners, serial_shops, nicolae_lakefront_shop,
          shapermc_ecumenical_altar_flowoftime, nicolae_figureground_sparkle
D:4:      layout_loops_ring, grunt_dithmenos_smoke_and_mirrors, uniq_ijyb

Skill      XL: |  1  2  3  4 |
---------------+-------------+-----
Stealth        | 2 |  2.7
Earth Magic    | 3 |  3.6
Spellcasting   | 3 |  3.5
Fighting       | |  0.2
Short Blades   | |  0.8
Armour         | |  0.9
Dodging        | |  1.9
Transmutations | |  0.8

Action                   |  1- 3 |  4- 6 || total
-------------------------+-------+-------++-------
Melee: Rapier            |    34 |    13 ||    47
 Cast: Sandblast         |    48 |    59 ||   107
Evoke: Wand              |       |     2 ||     2
  Use: Potion            |     1 |     7 ||     8
       Scroll            |     1 |     1 ||     2
 Stab: Sleeping          |     9 |     1 ||    10
Armor: Robe              |    11 |       ||    11
       Leather armour    |    12 |     9 ||    21
Dodge: Dodged            |    32 |    34 ||    66
Block: Other             |     3 |    17 ||    20
